 Dungeon Crawl Stone Soup version 0.30-a0-591-g3c58d2bc28 (webtiles) character file.

Game seed: 7892991191096190394

32 Leeroy the Insei (level 3, -3/26 HPs)
             Began as a Merfolk Transmuter on Jan 4, 2023.
             Was an Initiate of Wu Jian.
             Slain by a worm (10 damage)
             ... on level 3 of the Dungeon.
             The game lasted 00:01:43 (1805 turns).

Leeroy the Insei (Merfolk Transmuter)               Turns: 1805, Time: 00:01:44

Health: -3/26      AC:  2    Str: 10    XL:     3   Next: 27%
Magic:  5/6        EV: 12    Int: 14    God:    Wu Jian [......]
Gold:   188        SH:  0    Dex: 14    Spells: 5/6 levels left

rFire   . . .      SeeInvis .      - Unarmed
rCold   . . .      Faith    .    (no shield)
rNeg    + . .      Spirit   .    h - +0 robe {rN+}
rPois   .          Reflect  .    (helmet currently unavailable)
rElec   .          Harm     .    (no cloak)
rCorr   .          Rampage  .    (no gloves)
Will    .....                    (boots currently unavailable)
Stlth   +                        (no amulet)
HPRegen 0.24/turn                (no ring)
MPRegen 0.10/turn                (no ring)

@: appendages (expiring)
A: horns 2, (nimble swimmer 2), mertail
a: End Transformation, Renounce Religion


You were on level 3 of the Dungeon.
You worshipped Wu Jian.
Wu Jian was noncommittal.
You had temporarily grown beastly horns.
You visited 1 branch of the dungeon, and saw 3 of its levels.

You collected 188 gold pieces.

Inventory:

Armour
 a - a +0 robe
 h - a +0 robe of positive energy (worn)
 i - a +0 helmet (melded)
Magical Staves
 g - a staff of air
Scrolls
 d - 2 scrolls of identify {unknown}
 e - a scroll of immolation {unknown}
 f - 2 scrolls of brand weapon {unknown}
 l - a scroll of magic mapping {unknown}
Potions
 b - a potion of lignification
 c - 2 potions of attraction {unknown}
 j - a potion of curing {unknown}
 k - 2 potions of heal wounds {unknown}
 m - a potion of ambrosia {unknown}


   Skills:
 - Level 1.1 Fighting
 - Level 2.6 Dodging
 + Level 4.3 Unarmed Combat
 - Level 2.0 Spellcasting
 * Level 3.4 Transmutations


You had 5 spell levels left.
You knew the following spells:

 Your Spells              Type           Power      Damage    Failure   Level
a - Beastly Appendage     Tmut           20%        N/A       6%          1

Your spell library contained the following spells:

 Spells                   Type           Power      Damage    Failure   Level
 Wereblood                Tmut           10%        N/A       9%          2
 Shock                    Conj/Air       4%         1d3       24%         1
 Spider Form              Tmut/Pois      6%         N/A       34%         3
 Swiftness                Air            1%         N/A       56%         3
 Tukima's Dance           Hex            1%         N/A       56%         3
 Ice Form                 Ice/Tmut       6%         N/A       75%         4
 Airstrike                Air            0%         2d(1-17)  93%         4
 Passage of Golubria      Tloc           1%         N/A       93%         4
 Yara's Violent Unravell  Hex/Tmut       3%         3d4       97%         5


Dungeon Overview and Level Annotations

Branches:
Dungeon (3/15)

Altars:
Wu Jian


Innate Abilities, Weirdness & Mutations

You have temporarily grown beastly horns.
((You are very nimble when in or above water. (Stealth+, EV+, Speed+++)))
Your lower body shifts to a powerful aquatic tail in water.


Message History

There is a stone staircase leading up here.
You climb upwards.
There is a stone staircase leading down here.
You start resting.
HP restored.
You climb downwards.
The worm closely misses you.
There is a stone staircase leading up here.
Casting: Beastly Appendage (safe; 6% risk of failure)
Confirm with . or Enter, or press ? or * to list all spells.
Okay, then.
Casting: Beastly Appendage (safe; 6% risk of failure)
Confirm with . or Enter, or press ? or * to list all spells.
You grow a pair of large bovine horns.
Your +0 helmet melds into your body.
Your transformation is almost over.
The worm bites you.
You hit the worm. You headbutt the worm.
The worm is moderately wounded.
You hit the worm.
The worm is heavily wounded.
The worm bites you.
You barely miss the worm.
The worm is heavily wounded.
You hit the worm.
The worm is heavily wounded.
The worm bites you.
You barely miss the worm.
The worm is heavily wounded.
The worm bites you!
You hit the worm but do no damage.
The worm is heavily wounded.
You hit the worm.
The worm is severely wounded.
The worm bites you.
* * * LOW HITPOINT WARNING * * *
You hit the worm.
The worm is severely wounded.
You hit the worm.
The worm is almost dead.
The worm bites you!
You die...

#.........#
####.##..$####
.###........##
.............#
..##.........#
$...........#.#
#.#...........#
#...w........#
##...@.....###
#.......#....#
#.#####...###.#
. ...... .#
..........
.........
........#
..##...


You could see a worm.

Vanquished Creatures
  2 endoplasms (D:2)
  5 goblins
  A hobgoblin (D:1)
  5 kobolds
  2 quokkas (D:1)
  5 ball pythons
  6 bats (D:1)
  3 frilled lizards
  2 rats
31 creatures vanquished.

Notes
Turn   | Place    | Note
-------+----------+-------------------------------------------
     0 | D:1      | Leeroy the Merfolk Transmuter began the quest for the Orb.
     0 | D:1      | Reached XP level 1. HP: 15/15 MP: 3/3
    94 | D:1      | Reached XP level 2. HP: 9/21 MP: 3/5
   324 | D:1      | Reached skill level 4 in Unarmed Combat
   787 | D:2      | Found an ornate altar of the Wu Jian Council.
   790 | D:2      | Reached XP level 3. HP: 21/26 MP: 6/6
   796 | D:2      | Became a worshipper of the Wu Jian Council
  1805 | D:3      | Slain by a worm

Illustrated notes

Levels and vault maps discovered:
D:1:      psy_arrival_conway, layout_rooms
D:2:      layout_basic, basic_altar
D:3:      layout_loops_ring, mainiacjoe_overflow_brackets

Skill      XL: |  1  2 |
---------------+-------+-----
Transmutations | 3 |  3.4
Unarmed Combat | 4 |  4.3
Fighting       | |  1.1
Dodging        | |  2.6
Spellcasting   | |  2.0

Action                   || total
-------------------------++-------
Melee: Unarmed           ||   126
       Headbutt          ||     3
       Punch             ||     3
 Cast: Beastly Appendage ||     3
Invok: Lunge             ||     1
 Stab: Sleeping          ||     1
Armor: Robe              ||    26
Dodge: Dodged            ||    59

Table legend: (Time is in decaauts)
 A = Elapsed time spent in this place.
 B = Non-inter-level travel time spent in this place.
 C = Inter-level travel time spent in this place.
 D = Time resting spent in this place.
 E = Time spent auto-exploring this place.
 F = Levels seen in this place.
 G = Mean time per level.
                   A        B        C        D        E       F      G
               +--------+--------+--------+--------+--------+-----+--------+
         Total |   1794 |   1669 |    125 |     66 |   1309 |   3 |  598.0 |
       Dungeon |   1794 |   1669 |    125 |     66 |   1309 |   3 |  598.0 |
               +--------+--------+--------+--------+--------+-----+--------+

Top non-repeatable levels by time:
     D:2: 1092 daAuts
     D:1: 666 daAuts
     D:3: 35 daAuts
